 Dungeon Crawl Stone Soup version 0.30.0-10-gfe55d96785 (webtiles) character file.

Game seed: 13515096741053885155

187 qeuew the Sneak (level 5, -2/35 HPs)
             Began as an Octopode Brigand on May 15, 2023.
             Slain by Grinder (3 damage)
             ... on level 4 of the Dungeon.
             The game lasted 00:03:43 (2859 turns).

qeuew the Sneak (Octopode Brigand)                  Turns: 2859, Time: 00:03:50

Health: -2/35      AC:  2    Str:  8 (10) XL:     5   Next: 66%
Magic:  5/5        EV: 13    Int: 11 (14) God:
Gold:   146        SH:  0    Dex: 15      Spells: 4/4 levels left

rFire   . . .        a - +2 dagger
rCold   . . .        (no shield)
rNeg    . . .        f - +1 hat
rPois   .            m - amulet of the acrobat
rElec   .            h - ring of resist corrosion
rCorr   +            (no ring)
SInv    .            (no ring)
Will    .....        (no ring)
Stlth   ++++         (no ring)
HPRegen 0.25/turn    (no ring)
MPRegen 0.09/turn    (no ring)
                     (no ring)

%: acrobat
@: invisible
A: almost no armour, amphibious, 8 rings, camouflage 1, gelatinous body 1,
(nimble swimmer 1), tentacles
a: no special abilities


You were on level 4 of the Dungeon.
You visited 1 branch of the dungeon, and saw 4 of its levels.

You collected 146 gold pieces.

Inventory:

Hand Weapons
 a - a +2 dagger (weapon)
Missiles
 b - 13 poisoned darts (quivered)
 c - 3 curare-tipped darts
Armour
 f - a +1 hat (worn)
Jewellery
 h - a ring of resist corrosion (left tentacle)
 m - an amulet of the acrobat (around mantle)
Scrolls
 d - a scroll of immolation {unknown}
 g - a scroll of magic mapping
 l - a scroll of amnesia
Potions
 e - 2 potions of cancellation
 i - a potion of resistance
 j - a potion of invisibility
 k - a potion of ambrosia


   Skills:
 + Level 2.7 Fighting
 * Level 3.4 Short Blades
 + Level 2.7 Throwing
 + Level 2.0 Dodging
 * Level 6.8 Stealth


You had 4 spell levels left.
You didn't know any spells.
Your spell library contained the following spells:

 Spells                   Type           Power      Damage    Failure   Level
 Apportation              Tloc           0%         N/A       34%         1
 Magic Dart               Conj           0%         1d3       34%         1
 Necrotise                Necr           0%         1d4       34%         1
 Summon Small Mammal      Summ           0%         N/A       34%         1
 Lesser Beckoning         Tloc           0%         N/A       47%         2
 Searing Ray              Conj           0%         2d4       47%         2
 Gell's Gravitas          Tloc           0%         N/A       71%         3
 Teleport Other           Tloc           0%         N/A       71%         3
 Fulminant Prism          Conj/Hex       0%         3d5       98%         4


Dungeon Overview and Level Annotations

Branches:
Dungeon (4/15)
 Temple: D:4-7

Altars:
Elyvilon
Trog

Shops:
D:3 :   D:4 *

Annotations:
D:4 Dowan, Duvessa, Grinder


Innate Abilities, Weirdness & Mutations

You cannot wear most types of armour.
You are amphibious.
You can wear up to eight rings at the same time.
Your skin changes colour to match your surroundings (Stealth+).
Your rubbery body absorbs attacks. (AC +1, EV +1)
((You are camouflaged when in or above water. (Stealth+)))
You have tentacles for arms and can constrict up to eight enemies at once.


Message History

You feel less confused.
You fade into invisibility!
The orc misses you. Grinder misses you.
Unknown command.
You hit the orc wizard. You grab the orc wizard. You squeeze the orc wizard.
The orc wizard is severely wounded.
You constrict the orc wizard. The orc closely misses you.
The orc wizard closely misses you.
Grinder gestures at the orc wizard.
The orc wizard suddenly stops moving!
Unknown command.
The helpless orc wizard fails to defend itself.
You impale the orc wizard!!
You kill the orc wizard!
The orc hits you from afar with a +0 trident.
Grinder gestures at you. Pain shoots through your body!
Your Dodging skill increases to level 2!
You hit Grinder. You grab Grinder. You squeeze Grinder!
Grinder is moderately wounded.
You constrict Grinder, but do no damage.
Grinder gestures at you. Pain shoots through your body!
* * * LOW HITPOINT WARNING * * *
Unknown command.
Okay, then.
You strike the helpless Grinder from behind!
You puncture Grinder! Your squeeze misses Grinder.
Grinder is severely wounded.
You constrict Grinder, but do no damage.
The orc barely misses you. Grinder completely misses you.
Unknown command.
You hit Grinder.
Grinder is almost dead.
You constrict Grinder, but do no damage.
Grinder says, "There's only one good use for a tongue: cutting it out."
Grinder hits you.
* * * LOW HITPOINT WARNING * * *
You writhe in agony.
You die...

##.....# ###
##.#.## ##.# #
#..# ######.##
######......#
#.........).##
.#.......$.#
#...@.))..#
#...)5o...#
####......#
#........
#.........
#......###
#......#
#......!


You could see Grinder (unable to see you) and an orc (unable to see you).

Vanquished Creatures
  A scorpion (D:4)
  A hound (D:4)
  An orc wizard (D:4)
  An adder (D:3)
  4 worms
  A dart slug (D:2)
  3 orcs (D:4)
  A ball python (D:3)
  5 endoplasms
  2 giant cockroaches
  7 goblins
  3 hobgoblins
  2 jackals (D:3)
  3 quokkas
  A bat (D:3)
  3 frilled lizards
  5 kobolds
  4 rats
48 creatures vanquished.

Notes
Turn   | Place    | Note
-------+----------+-------------------------------------------
     0 | D:1      | qeuew the Octopode Brigand began the quest for the Orb.
     0 | D:1      | Reached XP level 1. HP: 14/14 MP: 1/1
     7 | D:1      | Noticed an electric eel
   335 | D:1      | Reached XP level 2. HP: 19/19 MP: 2/2
  1206 | D:2      | Reached XP level 3. HP: 24/24 MP: 3/3
  1651 | D:2      | Found a faded altar of an unknown god.
  1869 | D:3      | Reached skill level 6 in Stealth
  1961 | D:3      | Found Ahof's Book Shop.
  2112 | D:3      | Reached XP level 4. HP: 30/30 MP: 4/4
  2276 | D:3      | Found a bloodstained altar of Trog.
  2338 | D:3      | Found a white marble altar of Elyvilon.
  2587 | D:4      | Noticed Duvessa
  2587 | D:4      | Noticed Dowan
  2665 | D:4      | Noticed a scorpion
  2667 | D:4      | Killed a scorpion
  2668 | D:4      | Reached XP level 5. HP: 35/35 MP: 5/5
  2692 | D:4      | Found Useufug's General Store.
  2835 | D:4      | Noticed Grinder
  2859 | D:4      | HP: 1/35 [Grinder (4)]
  2859 | D:4      | Slain by Grinder

Illustrated notes

Levels and vault maps discovered:
D:1:      arrival_aquarium_a, layout_basic
D:2:      layout_rooms, shapermc_ecumenical_altar_mp_urbaneastern,
          serial_corexii_hall, corexii_hall_statues_l, corexii_hall_statues_x,
          chequers_hall_statues_corner_a, amcnicky_mini_pool_small
D:3:      layout_loops_ring, elyvilon_altar_1,
          mainiacjoe_overflow_cross_hatched, serial_shops, nicolae_shop_crystal
D:4:      cheibrodos_fertilizer, layout_rooms, serial_curves, eino_curves_01,
          eino_curves_02, serial_shops, shop, bh_walls_and_bars, uniq_duvessa,
          uniq_grinder, uniq_blork_the_orc

Skill      XL: |  1  2  3  4  5 |
---------------+----------------+-----
Stealth        | 6 |  6.8
Short Blades   | 3 |  3.4
Dodging        | 2 |  2.0
Fighting       | |  2.7
Throwing       | |  2.7

Action                     |  1- 3 |  4- 6 || total
---------------------------+-------+-------++-------
  Melee: Dagger            |    48 |    34 ||    82
         Constrict         |     9 |     8 ||    17
         Tentacles         |    12 |     8 ||    20
         Punch             |     1 |       ||     1
  Throw: Dart              |     3 |       ||     3
    Use: Scroll            |     6 |     4 ||    10
         Potion            |     3 |     3 ||     6
   Stab: Sleeping          |    20 |     7 ||    27
         Invisible         |       |     1 ||     1
         Paralysed         |       |     1 ||     1
 Armour: Skin              |     1 |     3 ||     4
  Dodge: Dodged            |     9 |    29 ||    38
